 Dungeon Crawl Stone Soup version 0.22-a0-192-g6ffc940 (webtiles) character file.

10851 galech the Grappler (level 11, -22/115 HPs)
             Began as a Troll Monk on Feb 16, 2018.
             Was a High Priest of Okawaru.
             Annihilated by a stone giant (36 damage)
             ... on level 2 of the Orcish Mines.
             The game lasted 00:19:15 (8068 turns).

galech the Grappler (Troll Monk)                    Turns: 8068, Time: 00:19:16

Health: -22/115    AC: 14    Str: 24    XL:     11   Next: 41%
Magic:  10/10      EV: 10    Int:  6    God:    Okawaru [*****.]
Gold:   528        SH:  4    Dex: 12    Spells: 10/10 levels left

rFire    . . .     SeeInvis .     - Unarmed
rCold    . . .     Gourm    +   (no shield)
rNeg     . . .     Faith    .   S - +0 troll leather armour
rPois    .         Spirit   .   (helmet restricted)
rElec    .         Reflect  +   d - +2 cloak {+Inv}
rCorr    .         Harm     .   (gloves unavailable)
MR       .....                  (boots unavailable)
Stlth    +.........             l - +4 amulet of reflection
HPRegen  1.09/turn              h - +4 ring of protection
MPRegen  0.12/turn              D - +4 ring of slaying

@: no status effects
A: large, unfitting armour, claws 3, fast metabolism 3, gourmand, regeneration
1, shaggy fur 1, tough skin 2
a: Heroism, Finesse, Renounce Religion, Evoke Invisibility


You were on level 2 of the Orcish Mines.
You worshipped Okawaru.
Okawaru was extremely pleased with you.
You were completely stuffed.

You visited 3 branches of the dungeon, and saw 14 of its levels.

You collected 708 gold pieces.
You spent 180 gold pieces at shops.

Inventory:

Armour
 a - a +0 robe
 d - a +2 cloak of invisibility (worn)
 C - the +0 robe of the Stag {MR+}
   (You found it on level 8 of the Dungeon)

   It affects your resistance to hostile enchantments.
 S - a +0 troll leather armour (worn)
Jewellery
 f - an uncursed ring of fire
 h - a +4 ring of protection (left claw)
 l - a +4 amulet of reflection (around neck)
 r - an uncursed ring of poison resistance
 z - an uncursed amulet of harm
 A - an uncursed ring of resist corrosion {unknown}
 D - a +4 ring of slaying (right claw)
 E - a +5 ring of dexterity
 G - a +3 ring of strength {unknown}
 L - an uncursed ring of protection from fire {unknown}
 M - an uncursed amulet of regeneration {unknown}
Wands
 m - a wand of random effects (46)
 N - a wand of digging (11)
 R - a wand of iceblast (8)
Scrolls
 e - 3 scrolls of immolation
 g - 4 scrolls of remove curse
 i - 8 scrolls of identify
 j - 3 scrolls of amnesia
 o - a scroll of noise {unknown}
 q - a scroll of enchant weapon {unknown}
 s - 2 scrolls of fog {unknown}
 w - 2 scrolls of teleportation {unknown}
 x - a scroll of holy word {unknown}
 y - 2 scrolls of enchant armour {unknown}
 B - 2 scrolls of random uselessness {unknown}
 F - a scroll of fear {unknown}
 I - 3 scrolls of blinking {unknown}
 Q - a scroll of vulnerability {unknown}
Potions
 c - 4 potions of heal wounds
 k - 3 potions of agility {unknown}
 n - 3 potions of haste {unknown}
 p - 2 potions of curing
 t - 2 potions of brilliance {unknown}
 u - 2 potions of ambrosia {unknown}
 v - 3 potions of flight {unknown}
 H - a potion of berserk rage {unknown}
 K - a potion of mutation {unknown}
 O - a potion of resistance
Books
 J - a book of Clouds

   Spells                             Type                      Level
   a - Poisonous Vapours              Poison/Air                   2
   b - Mephitic Cloud                 Conjuration/Poison/Air       3
   c - Conjure Flame                  Conjuration/Fire             3
   d - Freezing Cloud                 Conjuration/Ice/Air          6
   e - Ring of Flames                 Charms/Fire                  7
Comestibles
 b - 14 rations
 P - 8 chunks of flesh


   Skills:
 + Level 9.2 Fighting
 - Level 2.7 Dodging
 - Level 1.0 Stealth
 * Level 14.4 Unarmed Combat


You had 10 spell levels left.
You didn't know any spells.

Dungeon Overview and Level Annotations

Branches:
Dungeon (11/15)            Temple (1/1) D:4            Lair (0/6) D:8
    Orc (2/2) D:11
    Elf: Orc:2

Altars:
Ashenzari
Cheibriados
Dithmenos
Elyvilon
Fedhas
Gozag
Hepliaklqana
Kikubaaqudgha
Makhleb
Nemelex Xobeh
Okawaru
Qazlal
Ru
Sif Muna
Trog
Uskayaw
Vehumet
Wu Jian
Xom
Yredelemnul
Zin
The Shining One

Shops:
D:7 :   D:10 !

Annotations:
D:10 4 runed doors


Innate Abilities, Weirdness & Mutations

You are too large for most types of armour.
You have claws for hands.
Your metabolism is lightning-fast.
You like to eat raw meat.
Your natural rate of healing is unusually fast.
You are covered in fur. (AC +1)
You have very tough skin. (AC +2)


Message History

An orc comes into view. It is wielding a dagger.
You see here a large rock.
The stone giant throws a large rock.
You reflect the large rock off an invisible shield around you!
The large rock hits the stone giant.
You start resting.
The stone giant hits you!!
You claw the stone giant!
The stone giant is lightly wounded.
The stone giant hits you!!
You mangle the stone giant!!
The stone giant is moderately wounded.
You scratch the stone giant but do no damage.
The stone giant is moderately wounded.
The stone giant hits you!!
* * * LOW HITPOINT WARNING * * *
You mangle the stone giant!!
The stone giant is severely wounded.
The stone giant hits you!!!
You die...

#.## ##............ ###..##
##.......#......
##.....#####...............
#...).....................
##........#...............
##....#.###.....#.....# .#.
###.....#####.###....#....
##...## ##..##........(#
#.... #...@C#.(.......
#....# ##.....#...#..o.
....## #.....#...## .
##..####.## #### ###


You could see a stone giant.

Vanquished Creatures
  A two-headed ogre (D:6)
  Nergalle (D:10)
  An orc knight (D:11)
  2 orc sorcerers
  A manticore (D:11)
  A gargoyle (D:10)
  A centaur skeleton (D:11)
  5 trolls
  2 hippogriffs
  6 yaks (D:9)
  A warg (D:11)
  A water moccasin (D:9)
  3 sky beasts
  A porcupine (D:8)
  2 ice beasts
  4 orc warriors
  7 ogres
  2 black bears
  A hornet zombie (D:7)
  2 centaurs
  2 crocodiles (D:8)
  6 bullfrogs
  8 killer bees
  2 scorpions (D:5)
  9 wights
  A howler monkey (D:10)
  3 crimson imps
  A bullfrog zombie (D:6)
  A centaur zombie (D:6)
  7 hounds
  2 jellies
  Crazy Yiuf (D:2)
  3 bullfrog skeletons
  6 orc priests
  A gnoll shaman (D:4)
  3 iguanas
  Ijyb (D:3)
  Natasha (thrice) (D:4)
  6 orc wizards
  9 worker ants
  2 hound skeletons
  A hound zombie (D:6)
  A howler monkey zombie (D:6)
  3 worker ant zombies
  9 adders
  10 gnolls
  A shadow imp (D:5)
  An ooze (D:6)
  An adder zombie (D:6)
  A worm (D:3)
  A dart slug (D:1)
  5 leopard geckos
  40 orcs
  6 giant cockroaches
  7 goblins
  5 hobgoblins
  10 jackals
  7 kobolds
  5 quokkas
  4 ball pythons
  3 bats (D:2)
  5 frilled lizards
  A jackal skeleton (D:6)
  A leopard gecko skeleton (D:8)
  2 quokka skeletons
  A quokka zombie (D:7)
  6 rats
259 creatures vanquished.

Vanquished Creatures (others)
  2 fungi (D:8)
2 creatures vanquished.

Grand Total: 261 creatures vanquished

Notes
Turn   | Place    | Note
-------+----------+-------------------------------------------
     0 | D:1      | galech the Troll Monk began the quest for the Orb.
     0 | D:1      | Reached XP level 1. HP: 22/22 MP: 0/0
   106 | D:1      | Reached XP level 2. HP: 29/29 MP: 1/1
   820 | D:2      | You fall through a shaft!
   826 | D:3      | Reached XP level 3. HP: 28/36 MP: 2/2
   861 | D:3      | Found a faded altar of an unknown god.
   920 | D:2      | Reached skill level 4 in Unarmed Combat
   923 | D:2      | Reached XP level 4. HP: 39/45 MP: 3/3
  1324 | D:2      | Found a runed door.
  1328 | D:2      | Noticed Crazy Yiuf
  1341 | D:2      | Killed Crazy Yiuf
  1726 | D:3      | Reached XP level 5. HP: 53/53 MP: 4/4
  1938 | D:3      | Noticed Ijyb
  1945 | D:3      | Killed Ijyb
  1950 | D:3      | Reached skill level 5 in Unarmed Combat
  2131 | D:4      | Noticed Natasha
  2139 | D:4      | Killed Natasha
  2198 | D:4      | Reached XP level 6. HP: 62/62 MP: 5/5
  2238 | D:4      | Found a staircase to the Ecumenical Temple.
  2247 | Temple   | Entered the Ecumenical Temple
  2318 | Temple   | Became a worshipper of Warmaster Okawaru
  2318 | Temple   | Reached * piety under Okawaru
  2318 | Temple   | Reached ** piety under Okawaru
  2379 | D:4      | Noticed Natasha
  2414 | D:5      | Entered Level 5 of the Dungeon
  2573 | D:4      | Killed Natasha
  2573 | D:4      | Reached skill level 6 in Unarmed Combat
  2724 | D:4      | Reached XP level 7. HP: 36/70 MP: 6/6
  2903 | D:4      | Noticed Natasha
  2906 | D:4      | Killed Natasha
  2981 | D:5      | Reached skill level 7 in Unarmed Combat
  3023 | D:5      | Noticed a hippogriff
  3066 | D:5      | Killed a hippogriff
  3070 | D:5      | Reached skill level 5 in Fighting
  3179 | D:5      | Reached skill level 8 in Unarmed Combat
  3182 | D:5      | Reached XP level 8. HP: 74/80 MP: 7/7
  3308 | D:5      | Reached *** piety under Okawaru
  3428 | D:5      | Found an opulent altar of Gozag.
  3856 | D:6      | Reached skill level 9 in Unarmed Combat
  4037 | D:6      | Reached **** piety under Okawaru
  4045 | D:6      | Noticed a two-headed ogre
  4054 | D:6      | Killed a two-headed ogre
  4054 | D:6      | Reached skill level 10 in Unarmed Combat
  4054 | D:6      | Reached XP level 9. HP: 83/92 MP: 5/8
  4060 | D:6      | You fall through a shaft!
  4061 | D:7      | Found Weubejie's Book Emporium.
  4360 | D:6      | Reached skill level 11 in Unarmed Combat
  4595 | D:7      | Reached ***** piety under Okawaru
  5478 | D:8      | Reached XP level 10. HP: 101/102 MP: 9/9
  5503 | D:8      | Reached skill level 12 in Unarmed Combat
  5587 | D:8      | Got a dull robe
  5598 | D:8      | Identified the +0 robe of the Stag {MR+} (You found it on level 8 of the Dungeon)
  5779 | D:8      | Found a staircase to the Lair.
  5783 | D:8      | Received a gift from Okawaru
  6228 | D:10     | Entered Level 10 of the Dungeon
  6458 | D:10     | Noticed a gargoyle
  6463 | D:10     | Killed a gargoyle
  6672 | D:10     | Reached skill level 13 in Unarmed Combat
  6717 | D:10     | Noticed Nergalle
  6724 | D:10     | Killed Nergalle
  6881 | D:10     | Found a huge runed gate.
  6881 | D:10     | Found a huge runed gate.
  6882 | D:10     | Found a huge runed gate.
  6883 | D:10     | Found a huge runed gate.
  6883 | D:10     | Noticed a manticore
  6892 | D:10     | Noticed a manticore
  7111 | D:10     | Found Wiump's Distillery.
  7116 | D:10     | Bought a potion of curing for 30 gold pieces
  7116 | D:10     | Bought a potion of resistance for 100 gold pieces
  7116 | D:10     | Bought a potion of heal wounds for 50 gold pieces
  7130 | D:10     | Found a burning altar of Makhleb.
  7130 | D:10     | Noticed a blizzard demon
  7288 | D:11     | Reached XP level 11. HP: 113/113 MP: 10/10
  7506 | D:11     | Found a staircase to the Orcish Mines.
  7530 | Orc:1    | Entered Level 1 of the Orcish Mines
  7530 | Orc:1    | Noticed an orc knight
  7530 | Orc:1    | Noticed an orc sorcerer
  7537 | D:11     | Killed an orc sorcerer
  7537 | D:11     | Received a gift from Okawaru
  7630 | Orc:1    | Noticed an orc sorcerer
  7738 | D:10     | Reached skill level 14 in Unarmed Combat
  7818 | D:11     | Killed an orc knight
  7890 | Orc:1    | Noticed a sun demon
  7890 | Orc:1    | Killed an orc sorcerer
  7959 | Orc:2    | Entered Level 2 of the Orcish Mines
  8052 | Orc:2    | Noticed a stone giant
  8068 | Orc:2    | Annihilated by a stone giant

Vault maps used:
D:1:      mainiacjoe_arrival_reflecting_pool
D:2:      uniq_crazy_yiuf_cottage
D:3:      first_ration, chequers_ecumenical_altar_simple, uniq_ijyb
D:4:      lemuel_temple_firewalk_b, abandoned_shop, uniq_natasha
D:5:      nicolae_gozag_seed_capital, minivault_1, hangedman_minor_gate_pass
D:6:      kennysheep_six_static_rooms, serial_undead, serial_undead_d,
          serial_undead_f, serial_undead_e, serial_undead_e
D:7:      serial_shops, shop_statue
D:8:      grunt_lair_entry_orc_guard_hut
D:10:     lemuel_bear_cage, serial_shops, kennysheep_little_box,
          makhleb_altar_promises_db, uniq_nergalle
D:11:     erik_orc_3, basic_altar, grunt_pizzeria
Temple:   compressed_dpeg_triangle_lava_temple
Orc:2:    grunt_orc_community_town_hall, grunt_orc_community_big_house_1,
          grunt_orc_community_big_house_1, grunt_orc_community_house_1,
          grunt_orc_community_house_1, grunt_orc_community_house_1,
          grunt_orc_community_house_2

Skill      XL: |  1  2  3  4  5  6  7  8  9 10 11 |
---------------+----------------------------------+-----
Fighting       | 3 4 5 6 7 8 9 |  9.2
Unarmed Combat | 4 5 6 8 10 11 13 14 | 14.4
Dodging        | |  2.7
Stealth        | |  1.0

Action                   |  1- 3 |  4- 6 |  7- 9 | 10-12 || total
-------------------------+-------+-------+-------+-------++-------
Melee: Unarmed           |    70 |   149 |   271 |   222 ||   712
       Punch             |     1 |     2 |    15 |    17 ||    35
Invok: Heroism           |       |       |     1 |     5 ||     6
  Use: Scroll            |       |     4 |       |       ||     4
 Stab: Sleeping          |     5 |       |     1 |     1 ||     7
       Distracted        |       |       |     1 |       ||     1
  Eat: Chunk             |    14 |    17 |    25 |    23 ||    79
Armor: Robe              |    22 |    56 |    94 |    76 ||   248
       Troll leather arm |       |       |       |     6 ||     6
Dodge: Dodged            |    29 |    79 |   106 |   101 ||   315
Block: Other             |       |    19 |    50 |    37 ||   106
       Reflection        |       |     1 |     1 |     2 ||     4

Table legend:
 A = Spawn XP
 B = Non-spawn XP
 C = Spawn XP percentage of total XP
 D = Spawn monster count
 E = Non-spawn monster count
 F = Spawn count percentage of total count
 G = Total turns spent on level
                    A         B        C        D         E        F      G
               +---------+---------+-------+---------+---------+-------+---------
         Total |       0 |   15502 |   0.0 |       0 |     259 |   0.0 |  8068
               +---------+---------+-------+---------+---------+-------+---------
           D:1 |       0 |      26 |   0.0 |       0 |      15 |   0.0 |   570
           D:2 |       0 |     110 |   0.0 |       0 |      21 |   0.0 |   927
           D:3 |       0 |     178 |   0.0 |       0 |      26 |   0.0 |   634
           D:4 |       0 |     538 |   0.0 |       0 |      21 |   0.0 |   682
           D:5 |       0 |    1216 |   0.0 |       0 |      30 |   0.0 |   973
           D:6 |       0 |    2317 |   0.0 |       0 |      39 |   0.0 |   577
           D:7 |       0 |     688 |   0.0 |       0 |      13 |   0.0 |   904
           D:8 |       0 |    1157 |   0.0 |       0 |      23 |   0.0 |   472
           D:9 |       0 |    1685 |   0.0 |       0 |      15 |   0.0 |   587
          D:10 |       0 |    3395 |   0.0 |       0 |      28 |   0.0 |  1023
          D:11 |       0 |    2785 |   0.0 |       0 |      20 |   0.0 |   445
         Orc:1 |       0 |    1158 |   0.0 |       0 |       4 |   0.0 |    97
         Orc:2 |       0 |     249 |   0.0 |       0 |       4 |   0.0 |    92
               +---------+---------+-------+---------+---------+-------+---------
